 Dungeon Crawl Stone Soup version 0.23.2-1-ga50397a6bc (webtiles) character file.

Game seed: 2235368340985097079

89488 Peloso the Peltast (level 15, -8/139 HPs)
             Began as a Minotaur Fighter on May 23, 2019.
             Was the Champion of Okawaru.
             Killed from afar by a gargoyle (23 damage)
             ... with a stone arrow
             ... on level 14 of the Dungeon.
             The game lasted 01:19:07 (27290 turns).

Peloso the Peltast (Minotaur Fighter)              Turns: 27290, Time: 01:19:07

Health: -8/139     AC: 23    Str: 25    XL:     15   Next: 49%
Magic:  14/14      EV: 10    Int:  5    God:    Okawaru [******]
Gold:   2390       SH: 17    Dex: 14    Spells: 14/14 levels left

rFire    + + .     SeeInvis +   a - +7 scimitar of Duty {freeze, rF+ Dex+2 SInv}
rCold    . . .     Gourm    .   c - +1 shield
rNeg     . . .     Faith    +   j - +2 plate armour {rF+}
rPois    .         Spirit   .   (helmet restricted)
rElec    .         Reflect  .   N - scarf {cloud immunity}
rCorr    .         Harm     .   y - +0 pair of gloves
MR       ++...                  i - +2 pair of boots
Stlth    ..........             O - amulet of faith
HPRegen  0.33/turn              g - ring of protection from magic
MPRegen  0.14/turn              G - ring of wizardry

@: no status effects
A: retaliatory headbutt, horns 2
a: Heroism, Finesse, Renounce Religion


You were on level 14 of the Dungeon.
You worshipped Okawaru.
Okawaru was exalted by your worship.
You were hungry.

You visited 4 branches of the dungeon, and saw 23 of its levels.
You also visited: Sewer, Bailey, Ice Cave and Volcano.

You collected 2621 gold pieces.
You spent 231 gold pieces at shops.

Inventory:

Hand Weapons
 a - the +7 scimitar of Duty (weapon) {freeze, rF+ Dex+2 SInv}
   (You found it on level 3 of the Lair of Beasts)

   It has been specially enchanted to freeze those struck by it, causing extra
   injury to most foes and up to half again as much damage against particularly
   susceptible opponents.
   It can also slow down cold-blooded creatures.
   It affects your dexterity (+2).
   It protects you from fire.
   It lets you see invisible.
 b - a +2 double sword
 l - a +3 scimitar of flaming
 p - the +0 long sword "Minotaur's Death" {pain, *Rage rC++ Dex+6}
   (Okawaru gifted it to you on level 2 of the Orcish Mines)

   In the hands of one skilled in necromantic magic, it inflicts extra damage on
   living creatures.
   It affects your dexterity (+6).
   It greatly protects you from cold.
   It may make you go berserk in combat.
Armour
 c - a +1 shield (worn)
 e - a +1 plate armour of cold resistance
 h - a +2 chain mail of poison resistance
 i - a +2 pair of boots (worn)
 j - a +2 plate armour of fire resistance (worn)
 u - a +0 plate armour
 y - a +0 pair of gloves (worn)
 N - a scarf of cloud immunity (worn)
Jewellery
 g - a ring of protection from magic (left hand)
 G - a ring of wizardry (right hand)
 H - an uncursed ring of flight
 M - an uncursed ring of see invisible
 O - an amulet of faith (around neck)
 U - an uncursed ring of protection from magic
Wands
 A - a wand of iceblast (4)
 C - a wand of disintegration (20)
 J - a wand of digging (5)
Scrolls
 k - 7 scrolls of fear
 n - 2 scrolls of blinking
 o - 5 scrolls of identify
 r - 9 scrolls of remove curse
 v - 11 scrolls of teleportation
 w - 2 scrolls of enchant armour
 z - 2 scrolls of amnesia
 B - 4 scrolls of magic mapping
 E - 2 scrolls of noise
 F - a scroll of acquirement
Potions
 d - 11 potions of might
 m - 7 potions of curing
 q - a potion of mutation
 t - 3 potions of berserk rage
 x - a potion of agility
 D - 2 potions of haste
 I - a potion of heal wounds
 K - 6 potions of flight
 P - a potion of cancellation
 S - 2 potions of resistance
Miscellaneous
 s - a box of beasts
Comestibles
 f - 47 rations
 L - 3 chunks of flesh


   Skills:
 + Level 14.7 Fighting
 + Level 16.7 Long Blades
 + Level 13.8 Armour
 + Level 5.0 Dodging
 + Level 2.0 Stealth
 + Level 18.2 Shields
 + Level 1.3 Invocations


You had 14 spell levels left.
You didn't know any spells.
Your spell library contained the following spells:

 Spells                   Type           Power        Failure   Level  Hunger
 Animate Skeleton         Necr           N/A          82%         1    ##.....
 Beastly Appendage        Tmut           #.....       82%         1    ##.....
 Magic Dart               Conj           #...         82%         1    ##.....
 Pain                     Necr           #...         82%         1    ##.....
 Blink                    Tloc           N/A          91%         2    ###....
 Call Imp                 Summ           #.......     91%         2    ###....
 Slow                     Hex            #.......     91%         2    ###....
 Sticks to Snakes         Tmut           #.......     91%         2    ###....
 Conjure Flame            Conj/Fire      #.......     99%         3    ####...
 Mephitic Cloud           Conj/Pois/Air  #.......     99%         3    ####...
 Portal Projectile        Hex/Tloc       #.....       99%         3    ####...
 Regeneration             Chrm/Necr      #.........   99%         3    ####...
 Spider Form              Tmut/Pois      #.........   99%         3    ####...
 Static Discharge         Conj/Air       #.......     99%         3    ####...
 Vampiric Draining        Necr           #.........   99%         3    ####...
 Animate Dead             Necr           N/A          100%        4    #####..
 Force Lance              Conj/Tloc      #.......     100%        4    #####..
 Ice Form                 Ice/Tmut       #.......     100%        4    #####..
 Throw Icicle             Conj/Ice       #.......     100%        4    #####..
 Blade Hands              Tmut           #.........   100%        5    ######.
 Conjure Ball Lightning   Conj/Air       #.........   100%        6    #######


Dungeon Overview and Level Annotations

Branches:
Dungeon (14/15)            Temple (1/1) D:7            Lair (6/6) D:8
 Shoals (0/4) Lair:3        Snake (0/4) Lair:4        Slime (0/5) Lair:6
    Orc (2/2) D:10            Elf (0/3) Orc:2        Vaults (0/5) D:13

Altars:
Ashenzari
Cheibriados
Dithmenos
Elyvilon
Fedhas
Gozag
Hepliaklqana
Kikubaaqudgha
Makhleb
Nemelex Xobeh
Okawaru
Qazlal
Ru
Sif Muna
Trog
Uskayaw
Vehumet
Wu Jian
Xom
Yredelemnul
Zin
The Shining One
Beogh

Shops:
D:9 !   Orc:1 %*   Orc:2 **=%


Innate Abilities, Weirdness & Mutations

You reflexively headbutt those who attack you in melee.
You have a pair of horns on your head.


Message History

The arrow dissolves into shadows!
The centaur shoots an arrow.
The arrow hits you.
* * * LOW HITPOINT WARNING * * *
The arrow dissolves into shadows!
You block the centaur warrior skeleton's attack.
The centaur shoots an arrow.
The arrow hits you.
* * * LOW HITPOINT WARNING * * *
The arrow dissolves into shadows!
The centaur warrior skeleton closely misses you.
You furiously retaliate!
You headbutt the centaur warrior skeleton.
The centaur shoots an arrow.
You block the arrow.
The arrow dissolves into shadows!
You block the centaur warrior skeleton's attack.
You slash the centaur! You freeze the centaur.
The centaur is severely wounded.
The centaur warrior skeleton hits you but does no damage.
The gargoyle hurls a stone arrow at you.
The stone arrow hits you!!
You die...

##.........##........
##..................
#..........###.....
##.#.....### #.....
#.....### ##....
#............ ##..###
##... #...........#
##.## ##..
#........... #...# ##.
........... ##@..## ##
.......%.. #.Zc..# #
........$## ##.....#
..........####9.....##
#.......o.......#
#......g........##
#.####...........# #.#
####........## #.#
#.........#


You could see an orc warrior, a gargoyle, a centaur, a boggart and a centaur
warrior skeleton.

Vanquished Creatures
  A frost giant (IceCv)
  A stone giant (Orc:1)
  A red draconian (Volcano)
  Azrael (Orc:2)
  Harold (Orc:1)
  4 hydras
  A merfolk avatar (Lair:6)
  An ogre mage (Volcano)
  4 centaur warriors
  9 two-headed ogres
  A death yak (Lair:5)
  A tengu warrior (D:13)
  Urug (Lair:3)
  Sonja (Orc:2)
  A shadow wraith (D:13)
  Nergalle (Lair:1)
  3 unseen horrors
  11 orc knights
  2 ugly things
  3 deep elf magi
  2 manticores (Lair:6)
  2 cyclopes
  16 elephants
  2 black mambas
  Psyche (D:10)
  2 molten gargoyles (Volcano)
  10 spiny frogs
  A gargoyle (D:13)
  4 rime drakes
  3 centaur skeletons
  An efreet (D:13)
  12 komodo dragons
  9 trolls
  17 polar bears
  A wind drake (Lair:6)
  3 hornets
  4 slime creatures (D:14)
  4 hippogriffs
  11 blink frogs
  A shadow (D:11)
  2 wraiths
  53 yaks
  2 fire bats (Volcano)
  4 basilisks
  7 wyverns
  6 fire elementals
  2 hungry ghosts
  Menkaure (D:4)
  15 water moccasins
  7 wargs
  3 hell hounds
  8 porcupines
  61 orc warriors
  5 sky beasts
  An eye of draining (D:10)
  10 ice beasts
  A black bear (Lair:5)
  2 phantoms
  5 centaurs
  12 ogres
  15 crocodiles
  18 wolves
  3 big kobolds
  22 bullfrogs
  A gnoll sergeant (D:5)
  A water moccasin zombie (D:8)
  6 scorpions
  2 water moccasin skeletons
  22 killer bees
  2 vampire bats (D:5)
  2 howler monkeys (D:11)
  6 crimson imps
  A quasit (D:10)
  7 lava snakes
  A bullfrog zombie (D:12)
  4 centaur zombies
  7 hounds
  16 jellies
  26 orc wizards
  Crazy Yiuf (D:4)
  23 orc priests
  2 bullfrog skeletons (D:13)
  11 iguanas
  Terence (D:2)
  12 worker ants
  18 hell rats
  A hound zombie (D:8)
  7 gnolls
  20 adders
  10 river rats
  2 shadow imps
  3 oozes
  An adder zombie (D:7)
  An adder skeleton (D:9)
  3 worms
  4 dart slugs
  6 leopard geckos
  138 orcs
  13 ball pythons
  7 bats
  2 bat skeletons (D:5)
  5 bat zombies (D:5)
  6 giant cockroaches
  8 goblins
  13 hobgoblins
  3 jackals (D:5)
  32 kobolds
  2 quokkas
  A ball python skeleton (D:4)
  7 frilled lizards
  42 rats
  2 fungi
  A plant (Lair:6)
932 creatures vanquished.

Vanquished Creatures (others)
  4 fungi
  3 plants (Lair:6)
7 creatures vanquished.

Grand Total: 939 creatures vanquished

Notes
Turn   | Place    | Note
-------+----------+-------------------------------------------
     0 | D:1      | Peloso the Minotaur Fighter began the quest for the Orb.
     0 | D:1      | Reached XP level 1. HP: 19/19 MP: 0/0
    48 | D:1      | Reached skill level 4 in Shields
    61 | D:1      | Reached XP level 2. HP: 21/27 MP: 1/1
   464 | D:1      | Reached XP level 3. HP: 33/33 MP: 2/2
   895 | D:2      | Reached XP level 4. HP: 40/40 MP: 3/3
   900 | D:2      | Noticed Terence
   907 | D:2      | Killed Terence
  1213 | D:3      | Reached skill level 1 in Dodging
  1214 | D:3      | Reached XP level 5. HP: 37/47 MP: 4/4
  1354 | D:3      | Reached skill level 5 in Long Blades
  1354 | D:3      | Reached skill level 5 in Shields
  1758 | D:3      | Reached XP level 6. HP: 53/53 MP: 5/5
  2173 | D:4      | Noticed Menkaure
  2301 | D:4      | Killed Menkaure
  2584 | D:4      | Found a runed translucent door.
  2585 | D:4      | Noticed Crazy Yiuf
  2611 | D:4      | Reached skill level 5 in Armour
  2611 | D:4      | Reached XP level 7. HP: 60/60 MP: 6/6
  2858 | D:4      | Reached skill level 5 in Fighting
  3653 | D:4      | Killed Crazy Yiuf
  3689 | D:5      | Entered Level 5 of the Dungeon
  3724 | D:5      | Reached skill level 6 in Shields
  3745 | D:5      | Reached XP level 8. HP: 25/69 MP: 7/7
  4166 | D:5      | Found an ancient bone altar of Kikubaaqudgha.
  4292 | D:5      | Found a sparkling altar of Nemelex Xobeh.
  4315 | D:5      | Found a shimmering altar of Xom.
  4682 | D:6      | Reached skill level 7 in Shields
  4964 | D:6      | Found a white marble altar of Elyvilon.
  5151 | D:6      | Found a glowing drain.
  5162 | Sewer    | Entered a sewer
  5425 | Sewer    | Reached XP level 9. HP: 76/77 MP: 8/8
  5668 | D:6      | Noticed a troll
  5681 | D:6      | Killed a troll
  5681 | D:6      | Reached skill level 8 in Shields
  6162 | D:7      | Found a staircase to the Ecumenical Temple.
  6162 | D:7      | Noticed a two-headed ogre
  6172 | D:7      | Killed a two-headed ogre
  6172 | D:7      | Reached skill level 9 in Shields
  6189 | Temple   | Entered the Ecumenical Temple
  6601 | D:7      | Reached skill level 10 in Long Blades
  6971 | D:8      | Reached XP level 10. HP: 84/86 MP: 9/9
  7122 | D:8      | Found a staircase to the Lair.
  7471 | D:8      | Found a glowing golden altar of the Shining One.
  7483 | D:8      | Found an iron altar of Okawaru.
  7512 | D:8      | Became a worshipper of Warmaster Okawaru
  7929 | D:9      | Reached skill level 10 in Shields
  8155 | D:9      | Reached * piety under Okawaru
  8179 | D:9      | Found Ysanuen's Distillery.
  8215 | D:9      | Bought a potion of brilliance for 44 gold pieces
  8215 | D:9      | Bought a potion of flight for 33 gold pieces
  8215 | D:9      | Bought a potion of might for 44 gold pieces
  8215 | D:9      | Bought a potion of haste for 110 gold pieces
  8515 | D:10     | Entered Level 10 of the Dungeon
  8539 | D:9      | Reached skill level 1 in Stealth
  8810 | D:10     | Reached ** piety under Okawaru
  9095 | D:10     | Reached XP level 11. HP: 93/97 MP: 10/10
  9110 | D:10     | Reached skill level 11 in Shields
  9113 | D:10     | Noticed Psyche
  9124 | D:10     | Killed Psyche
  9348 | D:10     | Paralysed by a hornet for 2 turns
  9374 | D:10     | Reached *** piety under Okawaru
  9415 | D:10     | Found a staircase to the Orcish Mines.
 10121 | D:11     | Reached **** piety under Okawaru
 10170 | D:11     | Reached skill level 12 in Shields
 10254 | D:11     | Noticed an unseen horror
 10306 | D:11     | Killed an unseen horror
 10849 | D:11     | Noticed a two-headed ogre
 10859 | D:11     | Killed a two-headed ogre
 10859 | D:11     | Reached skill level 10 in Fighting
 11027 | D:12     | Reached ***** piety under Okawaru
 11027 | D:12     | Reached skill level 10 in Armour
 11050 | D:12     | Noticed an unseen horror
 11058 | D:12     | Found a flagged portal.
 11063 | D:12     | Killed an unseen horror
 11072 | D:12     | Noticed a deep elf mage
 11072 | D:12     | Noticed a deep elf mage
 11081 | D:12     | Killed a deep elf mage
 11094 | D:12     | Killed a deep elf mage
 11103 | Bailey   | Entered a bailey
 11322 | Bailey   | Noticed an orc knight
 11340 | Bailey   | Killed an orc knight
 11340 | Bailey   | Reached XP level 12. HP: 76/107 MP: 9/11
 11517 | Bailey   | Identified the cursed +1 leather armour of Parts Unknown
                  | {rPois Dex+5}
 12045 | D:12     | Noticed a centaur warrior
 12075 | D:12     | Killed a centaur warrior
 12075 | D:12     | Received a gift from Okawaru
 12075 | D:12     | Reached skill level 13 in Shields
 12437 | D:12     | Noticed a centaur warrior
 12445 | D:12     | Killed a centaur warrior
 12458 | D:12     | Identified the +4 spear of Dithmenos's Hatred {pierce,
                  | Str+4}
 12495 | D:12     | Noticed a centaur warrior
 12503 | D:12     | Killed a centaur warrior
 12598 | D:12     | Reached ****** piety under Okawaru
 12786 | D:12     | Found an iron altar of Okawaru.
 13010 | Lair:1   | Entered Level 1 of the Lair of Beasts
 13141 | Lair:1   | Received a gift from Okawaru
 13316 | Lair:1   | Noticed Nergalle
 13332 | Lair:1   | Killed Nergalle
 13836 | Lair:2   | Reached skill level 14 in Shields
 13866 | Lair:2   | Found a frozen archway.
 13906 | IceCv    | Entered an ice cave
 14905 | IceCv    | Reached XP level 13. HP: 116/116 MP: 12/12
 15046 | IceCv    | Noticed a frost giant
 15326 | IceCv    | Killed a frost giant
 15326 | IceCv    | Received a gift from Okawaru
 15372 | IceCv    | Reached skill level 1 in Invocations
 15795 | Lair:2   | Reached skill level 15 in Shields
 15847 | Lair:2   | You fall through a shaft!
 15876 | Lair:3   | Found a staircase to the Shoals.
 15987 | Lair:3   | Noticed Urug
 16000 | Lair:3   | Killed Urug
 16091 | Lair:3   | Reached skill level 15 in Long Blades
 16480 | Lair:3   | Got a pitted scimitar
 16481 | Lair:3   | Identified the +7 scimitar of Duty {freeze, rF+ Dex+2 SInv}
                  | (You found it on level 3 of the Lair of Beasts)
 16529 | Lair:3   | You fall through a shaft for 2 floors!
 16609 | Lair:4   | Found a staircase to the Snake Pit.
 18485 | Lair:4   | Got a faintly glowing glass ring
 18956 | Lair:4   | Identified the ring of Obsession {-Tele +Inv rPois rN+
                  | Stlth+} (You found it on level 4 of the Lair of Beasts)
 19042 | Lair:5   | Received a gift from Okawaru
 19242 | Lair:5   | Reached skill level 16 in Shields
 19242 | Lair:5   | Reached XP level 14. HP: 87/127 MP: 13/13
 19714 | Lair:6   | Entered Level 6 of the Lair of Beasts
 19996 | Lair:6   | HP: 2/129 [polar bear (13)]
 20262 | Lair:6   | Received a gift from Okawaru
 20577 | Lair:6   | Received a gift from Okawaru
 20582 | Lair:6   | Reached skill level 17 in Shields
 20611 | Lair:6   | Found a staircase to the Slime Pits.
 21274 | Lair:6   | Identified the Almanac of Fetching Attacks
 21747 | Orc:1    | Entered Level 1 of the Orcish Mines
 21762 | Orc:1    | Found a dark tunnel.
 21764 | Orc:1    | Noticed Harold
 21780 | Orc:1    | Killed Harold
 21794 | Volcano  | Entered a volcano
 22446 | Volcano  | Found a radiant altar of Vehumet.
 23895 | Orc:1    | Found a roughly hewn altar of Beogh.
 24075 | Orc:2    | Entered Level 2 of the Orcish Mines
 24125 | Orc:2    | Noticed Sonja
 24133 | Orc:2    | Killed Sonja
 24381 | Orc:2    | Reached XP level 15. HP: 86/138 MP: 14/14
 25188 | Orc:2    | Found a staircase to the Elven Halls.
 25307 | Orc:2    | Received a gift from Okawaru
 25354 | Orc:2    | Got a dazzling long sword {god gift}
 25355 | Orc:2    | Identified the +0 long sword "Minotaur's Death" {pain,
                  | *Rage rC++ Dex+6} (Okawaru gifted it to you on level 2 of
                  | the Orcish Mines)
 25362 | Orc:2    | Found a roughly hewn altar of Beogh.
 25396 | Orc:2    | Found Conoseh's Food Boutique.
 25396 | Orc:2    | Found Qoutex's Jewellery Shoppe.
 25437 | Orc:2    | Found Foagut's Assorted Antiques.
 25437 | Orc:2    | Found Hayset's General Store.
 25598 | Orc:2    | Noticed Azrael
 25603 | Orc:2    | Killed Azrael
 25862 | Orc:1    | Found Eklotanym's Food Boutique.
 25908 | Orc:1    | Found Kereub's Assorted Antiques.
 26204 | D:13     | Reached skill level 18 in Shields
 26413 | D:13     | Received a gift from Okawaru
 26429 | D:13     | Reached skill level 5 in Dodging
 26593 | D:13     | Found a gate to the Vaults.
 26598 | D:13     | Identified a scroll of acquirement
 27290 | D:14     | Killed from afar by a gargoyle

Skill      XL: |  1  2  3  4  5  6  7  8  9 10 11 12 13 14 15 |
---------------+----------------------------------------------+-----
Shields        | 4 5 6 7 9 10 12 14 16 17 18 | 18.2
Fighting       | 4 5 6 7 9 10 11 12 14 | 14.7
Armour         | 4 5 6 7 8 9 10 11 12 13 | 13.8
Long Blades    | 3 4 5 6 8 10 12 13 14 15 16 | 16.7
Dodging        | 1 2 3 4 5 |  5.0
Stealth        | 1 2 |  2.0
Invocations    | 1 |  1.3

Action                   |  1- 3 |  4- 6 |  7- 9 | 10-12 | 13-15 || total
-------------------------+-------+-------+-------+-------+-------++-------
Melee: Long sword        |    95 |   129 |   519 |  1060 |   202 ||  2005
       Headbutt          |    14 |    23 |    93 |   239 |   375 ||   744
       Scimitar          |       |       |       |       |  1076 ||  1076
       Double sword      |       |       |       |       |    93 ||    93
Invok: Heroism           |       |       |       |     4 |     8 ||    12
  Use: Scroll            |       |     4 |    13 |    10 |    11 ||    38
       Potion            |       |       |     1 |     1 |     7 ||     9
  Eat: Chunk             |       |     5 |    14 |    22 |    33 ||    74
       Ration            |       |       |     1 |     2 |     2 ||     5
Armor: Scale mail        |    49 |    57 |       |       |       ||   106
       Chain mail        |       |     3 |   124 |       |   278 ||   405
       Plate armour      |       |       |   185 |   410 |   169 ||   764
Dodge: Dodged            |    30 |    37 |   139 |   208 |   357 ||   771
Block: Shield            |    61 |    71 |   386 |   677 |  1112 ||  2307
       Rpst.: Long sword |     7 |    12 |    40 |    52 |    11 ||   122
       Double sword      |       |       |       |       |    11 ||    11
       Scimitar          |       |       |       |       |    67 ||    67
